AoeStats
← de one who is win this play

Fortress

508939905Analyzed
4v4 RM · 8d ago on Sep 24, 2026· 45m 27s· 8 players
Game mode
Random Map
Map size
Huge
Population
200
Speed
Normal
Resources
Standard
Victory
Conquest
Starting age
Dark Age
Ending age
Imperial Age
RankedLock teamsTeams togetherTeam positionsShared explorationLock speedFull tech treeHidden civsTurbo modeCheats
Victory
Defeat
1128
+14
🇧🇩 Gurjaras · Bangladesh
1111
+15
🇹🇼 Varangians · Taiwan
1110
+15
🇹🇼 Berbers · Taiwan
1089
+16
🇳🇱 Teutons · Netherlands
1175
-19
🇨🇦 Hindustanis · Canada
1144
-17
🇩🇪 Ethiopians · Germany
1019
-12
🇳🇱 Sicilians · Netherlands
1011
-12
jasonpanex
7:38 Feudal Age
10:15 Double-Bit Axe
10:29 Loom
13:23 Castle Age
12:27 Horse Collar
14:16 Gold Mining
14:43 Bow Saw
14:48 Fletching
15:53 Gold Shaft Mining
15:22 Padded Archer Armor
15:54 Bodkin Arrow
17:37 Town Watch
17:39 Loom
19:01 Wheelbarrow
23:14 Hand Cart
25:31 Town Patrol
29:53 Imperial Age
28:00 Bloodlines
28:15 Husbandry
29:48 Stone Mining
29:57 Murder Holes
30:40 Ballistics
31:41 Chemistry
30:04 Elite Skirmisher
32:12 Bracer
32:18 Scale Barding Armor
32:30 Leather Archer Armor
33:38 Stone Shaft Mining
33:07 Kasbah
32:44 Elite Camel Archer
35:26 Conscription
34:42 Light Cavalry
35:19 Heavy Camel Rider
35:25 Hussar
36:21 Heavy Plow
37:52 Thumb Ring
38:50 Ring Archer Armor
40:13 Crossbowman
42:43 Siege Engineers
45:56 Maghrebi Camels
Gamer
7:07 Feudal Age
7:49 Loom
10:55 Castle Age
9:21 Horse Collar
9:31 Double-Bit Axe
11:52 Bow Saw
11:46 Heavy Plow
19:53 Wheelbarrow
25:46 Imperial Age
23:37 Hand Cart
23:27 Gold Mining
23:29 Stone Mining
24:00 Treadmill Crane
24:32 Forging
24:22 Scale Mail Armor
24:29 Squires
24:14 Gambesons
25:24 Arson
26:18 Iron Casting
27:16 Chain Mail Armor
27:29 Conscription
27:28 Town Watch
29:03 Plate Mail Armor
29:34 Blast Furnace
28:47 Capped Ram
28:55 Gothikon
31:13 Two-Man Saw
30:41 Town Patrol
31:00 Elite Varangian Guard
36:54 Crop Rotation
36:55 Cranequins
39:25 Fletching
39:35 Padded Archer Armor
41:11 Caravan
42:01 Ballistics
42:44 Chemistry
42:59 Heavy Mounted Crossbowman
43:13 Siege Ram
ImranAOE
7:51 Feudal Age
11:41 Castle Age
9:43 Double-Bit Axe
10:03 Horse Collar
12:44 Bow Saw
13:03 Heavy Plow
16:38 Loom
27:43 Imperial Age
25:54 Forging
26:32 Scale Mail Armor
27:48 Iron Casting
27:14 Gold Mining
27:19 Stone Mining
27:48 Chain Mail Armor
28:17 Wheelbarrow
27:41 Arson
28:34 Elite Chakram Thrower
29:35 Conscription
29:55 Plate Mail Armor
29:45 Kshatriyas
30:31 Gold Shaft Mining
30:39 Stone Shaft Mining
30:58 Hoardings
30:26 Caravan
31:22 Scale Barding Armor
31:33 Fortified Wall
32:24 Chemistry
31:12 Siege Elephant
32:22 Bloodlines
32:12 Husbandry
31:35 Light Cavalry
34:30 Hussar
38:51 Hand Cart
39:45 Heavy Camel Rider
43:53 Town Watch
44:35 Chain Barding Armor
45:51 Plate Barding Armor
de one who is win this play
8:57 Feudal Age
12:55 Castle Age
10:54 Double-Bit Axe
11:18 Horse Collar
11:58 Gold Mining
12:23 Bloodlines
13:00 Forging
14:05 Loom
19:33 Wheelbarrow
20:40 Husbandry
21:20 Bow Saw
21:38 Town Watch
22:44 Iron Casting
22:50 Scale Barding Armor
27:32 Imperial Age
25:49 Chain Barding Armor
27:10 Fletching
27:13 Town Watch
27:55 Hand Cart
28:08 Hand Cart
27:46 Town Watch
28:33 Fortified Wall
28:26 Elite Mameluke
29:40 Conscription
30:11 Plate Barding Armor
31:14 Blast Furnace
30:58 Crossbowman
31:44 Thumb Ring
34:50 Bimaristan
39:10 Padded Archer Armor
40:15 Bodkin Arrow
BallonPrince5
6:32 Feudal Age
6:56 Horse Collar
7:03 Double-Bit Axe
9:58 Wheelbarrow
12:48 Castle Age
11:07 Gold Mining
11:38 Scale Mail Armor
12:33 Forging
13:59 Bow Saw
14:18 Squires
15:12 Heavy Plow
16:13 Loom
16:56 Chain Mail Armor
19:37 Scale Barding Armor
19:42 Grand Trunk Road
21:26 Gold Shaft Mining
22:22 Bloodlines
22:25 Fletching
23:31 Iron Casting
23:18 Chain Barding Armor
25:22 Husbandry
29:49 Imperial Age
27:06 Town Watch
28:17 Iron Casting
30:05 Fervor
29:55 Stone Mining
30:50 Conscription
31:13 Plate Barding Armor
31:01 Heavy Camel Rider
32:22 Bodkin Arrow
34:26 Blast Furnace
34:03 Bracer
34:03 Elite Skirmisher
35:32 Ballistics
Nyssa
3:21 Loom
7:43 Feudal Age
8:40 Horse Collar
12:16 Castle Age
10:42 Double-Bit Axe
12:41 Wheelbarrow
14:19 Wheelbarrow
14:03 Town Watch
16:27 Bow Saw
17:20 Heavy Plow
19:30 Elite Skirmisher
20:14 Padded Archer Armor
20:05 Fletching
21:48 Hand Cart
22:33 Gold Mining
24:32 Town Patrol
24:59 Ballistics
25:26 Stone Mining
26:43 Masonry
26:34 Murder Holes
28:21 Bodkin Arrow
32:31 Imperial Age
32:48 Gold Shaft Mining
32:49 Stone Shaft Mining
32:26 Scale Barding Armor
32:31 Forging
32:22 Scale Mail Armor
32:56 Cavalier
33:47 Bloodlines
33:37 Husbandry
34:03 Chain Barding Armor
35:46 Chemistry
36:53 Bracer
37:31 Iron Casting
40:11 Plate Barding Armor
40:40 Blast Furnace
43:32 Light Cavalry
wzd27
3:07 Loom
9:27 Feudal Age
10:19 Horse Collar
10:27 Double-Bit Axe
10:37 Gold Mining
15:34 Castle Age
14:47 Stone Mining
19:04 Forging
18:55 Scale Mail Armor
18:47 Fletching
18:57 Padded Archer Armor
21:00 Heavy Plow
21:15 Bow Saw
21:31 Bodkin Arrow
22:05 Crossbowman
23:44 Wheelbarrow
22:55 Town Watch
24:07 Thumb Ring
25:11 Town Patrol
25:27 Hand Cart
26:10 Squires
28:22 Leather Archer Armor
28:23 Chain Mail Armor
28:43 Iron Casting
30:46 Gold Shaft Mining
35:19 Imperial Age
36:13 Ballistics
35:32 Arbalester
36:21 Bracer
36:52 Ring Archer Armor
37:28 Chemistry
36:34 Siege Engineers
Marietje Toch
7:36 Feudal Age
8:10 Horse Collar
8:38 Town Watch
10:01 Double-Bit Axe
13:40 Castle Age
13:40 Wheelbarrow
15:52 Loom
18:50 Squires
19:07 Forging
18:57 Scale Mail Armor
19:21 Heavy Plow
20:59 Pikeman
21:41 Fletching
26:59 Imperial Age
25:51 Chain Mail Armor
25:40 Arson
27:19 Capped Ram
28:55 Ironclad
28:23 Elite Teutonic Knight
30:14 Hoardings
30:44 Chemistry
30:50 Iron Casting
30:31 Halberdier
33:42 Cavalier
34:34 Bloodlines
36:05 Crop Rotation
37:48 Crenellations
39:37 Plate Mail Armor
40:08 Blast Furnace
40:41 Ballistics
40:33 Masonry
42:38 Siege Engineers
42:31 Bodkin Arrow
42:58 Paladin
Connection lost

Rejoining the realm…

Still unreachable

The connection could not be restored.

Session expired

The server has moved on; the page needs a fresh start.